 Dungeon Crawl Stone Soup version 0.30.1-11-g7821555f0a (webtiles) character file.

Game seed: 2380305050846604677

28 Chiseanne the Sneak (level 3, 29/29 HPs)
             Began as a Demonspawn Wanderer on Nov 29, 2023.
             Quit the game on level 2 of the Dungeon.
             The game lasted 00:01:55 (838 turns).

Chiseanne the Sneak (Demonspawn Wanderer)            Turns: 838, Time: 00:01:55

Health: 29/29      AC:  4    Str: 12    XL:     3   Next: 0%
Magic:  4/4        EV: 11    Int: 13    God:
Gold:   1033       SH:  3    Dex: 14    Spells: 4/4 levels left

rFire   . . .        a - +3 dagger
rCold   . . .        m - +0 buckler
rNeg    . . .        d - +0 robe
rPois   .            (helmet restricted)
rElec   .            (no cloak)
rCorr   .            (no gloves)
SInv    .            (no boots)
Will    .....        (no amulet)
Stlth   +++          (no ring)
HPRegen 0.24/turn    (no ring)
MPRegen 0.09/turn

%: no passive effects
@: no status effects
A: antennae 1, yellow scales 1
a: no special abilities


You were on level 2 of the Dungeon.
You visited 1 branch of the dungeon, and saw 2 of its levels.

You collected 1033 gold pieces.

Inventory:

Hand Weapons
 a - a +3 dagger (weapon)
 l - a +1 heavy hand axe
Missiles
 f - 4 stones
Armour
 d - a +0 robe (worn)
 m - a +0 buckler (worn)
Scrolls
 b - a scroll of fear
 e - a scroll of identify {unknown}
 g - a scroll of vulnerability {unknown}
 i - a scroll of teleportation
Potions
 c - a potion of haste


   Skills:
 * Level 3.5 Fighting
 * Level 1.4 Dodging
 - Level 4.5 Stealth
 * Level 0.4 Shields
 - Level 1.0 Spellcasting
 - Level 1.0 Earth Magic


You had 4 spell levels left.
You didn't know any spells.
Your spell library contained the following spells:

 Spells                   Type           Power      Damage    Failure   Level
 Sandblast                Erth           6%         2d5       26%         1
 Magic Dart               Conj           0%         1d3       36%         1
 Searing Ray              Conj           0%         2d4       52%         2
 Stone Arrow              Conj/Erth      2%         3d7       67%         3
 Fulminant Prism          Conj/Hex       0%         3d5       98%         4


Dungeon Overview and Level Annotations

Branches:
Dungeon (2/15)

Altars:

Shops:
D:1 (


Innate Abilities, Weirdness & Mutations

You have a pair of small antennae on your head.
You are partially covered in yellow scales. (AC +2)


Message History

Found a scroll labelled PIONKOVVUB and 17 gold pieces.
Found a scroll labelled REMOES LUAHOS.
Found a rapier.
The helpless adder fails to defend itself.
You puncture the adder!
You kill the adder!
No target in view!
No target in view!
No target in view!
No target in view!
No target in view!
No target in view!
No target in view!
No target in view!
No target in view!
No target in view!
No target in view!
No target in view!
No target in view!
No target in view!
No target in view!
No target in view!
No target in view!
You see here an adder corpse.
e - a scroll labelled PIONKOVVUB You now have 1033 gold pieces (gained 17).
There is a stone staircase leading down here.
g - a scroll labelled REMOES LUAHOS A bat comes into view.
Found a potion of haste.
The bat barely misses you.
You barely miss the bat. The bat barely misses you.
The bat completely misses you. The bat hits you but does no damage.
You hit the bat.
You kill the bat!
You have reached level 3!
Your experience leads to an increase in your attributes!
Increase (s)trength, (i)ntelligence, or (d)exterity?
You feel stronger. x2; Your demonic ancestry asserts itself...
A pair of antennae grows on your head!
Are you sure you want to abandon this character and quit the game? (Confirm with "yes".)

######.#
#.# #.#
#.####
#....#
#....#
##...#
##.##
#@# #†#
#.. ...#
...#
#..#.
#..#!
##.##.


There were no monsters in sight!

Vanquished Creatures
  An adder (D:2)
  5 bats
  An endoplasm (D:1)
  2 hobgoblins (D:1)
  4 quokkas (D:1)
  4 frilled lizards (D:1)
  A goblin (D:1)
  A kobold (D:1)
19 creatures vanquished.

Notes
Turn   | Place    | Note
-------+----------+-------------------------------------------
     0 | D:1      | Chiseanne the Demonspawn Wanderer began the quest for the
                  | Orb.
     0 | D:1      | Chiseanne set off with the following items: a +3 dagger, a
                  | scroll of fear, a potion of haste, a +0 robe; and the
                  | following spell memorised: Sandblast; and the following
                  | spells available to memorise: Stone Arrow.
     0 | D:1      | Reached XP level 1. HP: 18/18 MP: 2/2
   114 | D:1      | Found Netseca's Antique Weapon Shoppe.
   265 | D:1      | Gained mutation: You are partially covered in yellow
                  | scales. (AC +2) [demonic ancestry]
   265 | D:1      | Reached XP level 2. HP: 18/24 MP: 3/3
   270 | D:1      | Reached skill level 1 in Dodging
   767 | D:1      | Identified a scroll of acquirement
   767 | D:1      | Acquired 977 gold pieces
   838 | D:2      | Gained mutation: You have a pair of small antennae on your
                  | head. [demonic ancestry]
   838 | D:2      | Reached XP level 3. HP: 29/29 MP: 4/4
   838 | D:2      | Quit the game

Illustrated notes

Levels and vault maps discovered:
D:1:      erik_arrival_triangle_small, layout_basic, serial_shops, shop
D:2:      layout_loops_ring, minmay_tetromino_l4

Skill      XL: |  1  2 |
---------------+-------+-----
Dodging        | 1 |  1.4
Fighting       | |  3.5
Stealth        | |  4.5
Shields        | |  0.4
Spellcasting   | |  1.0
Earth Magic    | |  1.0

Action                     || total
---------------------------++-------
  Melee: Dagger            ||    56
    Use: Scroll            ||     6
   Stab: Sleeping          ||     5
 Armour: Robe              ||    10
  Dodge: Dodged            ||    39
